 Dungeon Crawl Stone Soup version 0.28-a0-664-gc179e30c89 (webtiles) character file.

Game seed: 7433871668608339870

579 Irenicus the Geomancer (level 7, -2/55 HPs)
             Began as a Deep Dwarf Earth Elementalist on Oct 15, 2021.
             Was a Believer of Makhleb.
             Killed from afar by Blork the orc (11 damage)
             ... with a puff of frost
             ... on level 5 of the Dungeon.
             The game lasted 00:15:03 (1830 turns).

Irenicus the Geomancer (DDEE)                       Turns: 1830, Time: 00:15:04

Health: -2/55      AC:  3    Str: 11    XL:     7   Next: 13%
Magic:  7/10       EV: 11    Int: 18    God:    Makhleb [**....]
Gold:   170        SH:  0    Dex: 13    Spells: 8/11 levels left

rFire   . . .      SeeInvis .   y - +1 dagger (venom)
rCold   . . .      Faith    .   (no shield)
rNeg    . . .      Spirit   .   k - +0 leather armour
rPois   .          Reflect  .   (no helmet)
rElec   .          Harm     .   (no cloak)
rCorr   .          Rampage  .   (no gloves)
Will    +....                   (no boots)
Stlth   ++........              (no amulet)
HPRegen 0.00/turn               Z - ring of wizardry
MPRegen 0.12/turn               (no ring)

@: hasted, very quick
A: damage resistance, heal wounds, sense surroundings 1, no regeneration
a: Heal Wounds, Renounce Religion, Minor Destruction


You were on level 5 of the Dungeon.
You worshipped Makhleb.
Makhleb was pleased with you.
You visited 2 branches of the dungeon, and saw 6 of its levels.

You collected 170 gold pieces.


Innate Abilities, Weirdness & Mutations

You are resistant to damage.
You can heal yourself by infusing magical energy.
You passively map a small area around you.
You do not regenerate.


   Skills:
 - Level 3.0 Slings
 - Level 2.1 Dodging
 - Level 2.4 Stealth
 + Level 2.5 Spellcasting
 - Level 0.8 Transmutations
 + Level 9.6 Earth Magic


You had 8 spell levels left.
You knew the following spells:

 Your Spells              Type           Power      Damage    Failure   Level
w - Passwall              Tmut/Erth      17%        N/A       1%          2
z - Sandblast             Erth           72%        2d16      1%          1

Your spell library contained the following spells:

 Spells                   Type           Power      Damage    Failure   Level
 Stone Arrow              Conj/Erth      38%        3d9       4%          3
 Animate Skeleton         Necr           4%         N/A       9%          1
 Apportation              Tloc           4%         N/A       9%          1
 Summon Small Mammal      Summ           8%         N/A       9%          1
 Petrify                  Tmut/Erth      21%        N/A       11%         4
 Ozocubu's Armour         Ice            2%         N/A       26%         3
 Dispersal                Tloc           1%         N/A       100%        6
 Ozocubu's Refrigeration  Ice            1%         4d5       100%        7
 Disjunction              Tloc           1%         N/A       100%        8

Inventory:

Hand Weapons
 n - the +2 hunting sling "Uzujinec" {freeze, rElec Str+2 Dex+7}
   (You found it on level 4 of the Dungeon)

   Any ammunition fired from it freezes those it strikes, dealing additional
   cold damage.
   It can also slow down cold-blooded creatures.
   Str:       It affects your strength (+2).
   Dex:       It affects your dexterity (+7).
   rElec:     It insulates you from electricity.
 y - a +1 dagger of venom (weapon)
Missiles
 c - 26 stones
 s - 21 sling bullets
Armour
 h - a +0 cloak
 k - a +0 leather armour (worn)
Magical Staves
 o - a staff of poison {!a}
Jewellery
 i - an amulet of faith {!P}
 Z - a ring of wizardry (left hand)
Scrolls
 a - 2 scrolls of vulnerability {unknown}
 b - 2 scrolls of enchant armour {unknown}
 d - 2 scrolls of fog {unknown}
 f - a scroll of enchant weapon {unknown}
 j - 2 scrolls of fear {unknown}
 m - a scroll of noise {unknown}
 p - a scroll of amnesia {unknown}
 r - 5 scrolls of identify {unknown}
 v - a scroll of acquirement {unknown}
 w - a scroll of teleportation {unknown}
 x - a scroll of summoning {unknown}
Potions
 e - a potion of curing {@q1}
 l - a potion of berserk rage {unknown}
 q - a potion of flight {unknown}
 t - a potion of magic {unknown}
 z - a potion of degeneration {unknown}

Dungeon Overview and Level Annotations

Branches:
Dungeon (5/15)             Temple (1/1) D:4

Altars:
Gozag
Kikubaaqudgha
Makhleb
Nemelex Xobeh
Okawaru
Sif Muna
Trog
Uskayaw
Yredelemnul
Zin

Annotations:
D:3 3 runed translucent doors, namoto's ghost, amateur MiHu
D:5 Blork the orc

#......#(#.....▒ , *
!###............▒ ,,
..........#.....▒
,,, , , ,
**,#.))##.....▒▒▒ *
* #...#<.........#
*......#####......##
##.... * #......#
#... ##..o#.#####.
..... ,
##@l........# ....,
, #..........# ##..
#..........# , ,
#..........# *
#..........#
############


You could see Blork the orc (fast, poisoned) and an iguana.


Message History

The iguana barely misses you.
Casting: Sandblast (safe; 1% risk of failure)
Confirm with . or Enter, or press ? or * to list all spells.
Aiming: Sandblast (safe; 1% risk of failure)
Press: ? - help, Shift-Dir - straight line, f - iguana
Aim: an iguana (84% to hit)
The blast of sand hits the iguana!
The iguana is heavily wounded.
Blork the orc hits you with a +0 long sword.
The iguana misses you.
Casting: Sandblast (safe; 1% risk of failure)
Confirm with . or Enter, or press ? or * to list all spells.
Aiming: Sandblast (safe; 1% risk of failure)
Press: ? - help, Shift-Dir - straight line, f/p - iguana
Aim: an iguana (heavily wounded, 84% to hit)
The blast of sand hits the iguana.
The iguana is almost dead.
Blork the orc hits you with a +0 long sword!
* * * LOW HITPOINT WARNING * * *
Blork the orc hits you with a +0 long sword.
* * * LOW HITPOINT WARNING * * *
The iguana bites you!
* * * LOW HITPOINT WARNING * * *
Casting: Sandblast (safe; 1% risk of failure)
Confirm with . or Enter, or press ? or * to list all spells.
Okay, then.
It was a potion of haste.
You feel yourself speed up. Blork the orc casts a spell at you.
The puff of frost hits you!
You die...

Skill      XL: |  1  2  3  4  5  6 |
---------------+-------------------+-----
Earth Magic    | 5 6 8 9 |  9.6
Slings         | 1 3 |  3.0
Spellcasting   | 2 |  2.5
Dodging        | |  2.1
Stealth        | |  2.4
Transmutations | |  0.8

Action                   |  1- 3 |  4- 6 |  7- 9 || total
-------------------------+-------+-------+-------++-------
Melee: Unarmed           |    15 |       |       ||    15
       Dagger            |    13 |    27 |     2 ||    42
       Staff             |       |     2 |       ||     2
 Fire: Hunting sling     |       |    47 |       ||    47
 Cast: Sandblast         |    34 |    59 |     6 ||    99
       Passwall          |       |     7 |       ||     7
Invok: Minor Destruction |       |     3 |       ||     3
 Abil: Heal Wounds       |       |       |     2 ||     2
  Use: Potion            |       |     1 |     2 ||     3
 Stab: Sleeping          |     1 |     2 |       ||     3
Armor: Robe              |    19 |       |       ||    19
       Leather armour    |     1 |    13 |       ||    14
Dodge: Dodged            |    31 |    47 |    15 ||    93

Levels and vault maps discovered:
D:1:      enne_arrival_octagon_isle, layout_loops_cross
D:2:      layout_loops_ring, basic_altar, ebering_ecumenical_altar_petrified,
          minmay_mini_jars, uniq_natasha, uniq_crazy_yiuf_cottage
D:3:      layout_rooms, mainiacjoe_overflow_surrounded_room,
          ebering_ghost_rock_garden, st_stairs_2
D:4:      layout_loops_ring, minmay_temple_entry_junction
D:5:      layout_rooms, kennysheep_generic_room_16, uniq_blork_the_orc,
          uniq_menkaure
Temple:   dpeg_five_rooms_temple

Notes
Turn   | Place    | Note
-------+----------+-------------------------------------------
     0 | D:1      | Irenicus the Deep Dwarf Earth Elementalist began the quest
                  | for the Orb.
     0 | D:1      | Reached XP level 1. HP: 15/15 MP: 3/3
   112 | D:1      | Reached XP level 2. HP: 17/22 MP: 0/4
   154 | D:1      | Reached skill level 5 in Earth Magic
   344 | D:3      | Found a hide-covered altar of Uskayaw.
   372 | D:3      | Reached XP level 3. HP: 22/28 MP: 2/5
   410 | D:4      | Found a staircase to the Ecumenical Temple.
   424 | Temple   | Entered the Ecumenical Temple
   486 | Temple   | Became a worshipper of Makhleb the Destroyer
   549 | D:4      | Identified the +2 hunting sling "Uzujinec" {freeze, rElec
                  | Str+2 Dex+7}
   604 | D:4      | Reached skill level 6 in Earth Magic
   604 | D:4      | Reached XP level 4. HP: 26/36 MP: 2/6
   684 | D:4      | Noticed a scorpion
   690 | D:4      | Reached skill level 7 in Earth Magic
   690 | D:4      | Killed a scorpion
   691 | D:4      | Reached skill level 8 in Earth Magic
   691 | D:4      | Reached XP level 5. HP: 30/42 MP: 3/7
   765 | D:4      | Reached skill level 1 in Slings
   831 | D:4      | Learned a level 2 spell: Passwall
   908 | D:3      | Reached * piety under Makhleb
   942 | D:3      | Found a runed translucent gate.
   942 | D:3      | Found a runed translucent gate.
   942 | D:3      | Found a runed translucent gate.
   949 | D:3      | Noticed namoto's ghost (amateur MiHu)
   977 | D:3      | Reached XP level 6. HP: 28/49 MP: 6/8
  1178 | D:2      | Found a faded altar of an unknown god.
  1187 | D:2      | Reached skill level 2 in Slings
  1368 | D:2      | Reached ** piety under Makhleb
  1380 | D:2      | Noticed Natasha
  1396 | D:2      | Killed Natasha
  1456 | D:2      | Found a basalt altar of Yredelemnul.
  1607 | D:2      | Found a runed translucent door.
  1608 | D:2      | Noticed Crazy Yiuf
  1628 | D:2      | Killed Crazy Yiuf
  1629 | D:2      | Reached skill level 9 in Earth Magic
  1756 | D:5      | Entered Level 5 of the Dungeon
  1765 | D:5      | Reached skill level 3 in Slings
  1769 | D:5      | Reached skill level 2 in Spellcasting
  1797 | D:5      | Noticed Blork the orc
  1803 | D:5      | HP: 2/49 [orc priest/divine providence (10)]
  1804 | D:5      | Reached XP level 7. HP: 3/55 MP: 2/10
  1830 | D:5      | Killed from afar by Blork the orc

Vanquished Creatures
  2 scorpions
  A howler monkey (D:4)
  2 hounds (D:4)
  Crazy Yiuf (D:2)
  An orc priest (D:5)
  2 iguanas
  2 orc wizards (D:5)
  Natasha (D:2)
  A hound skeleton (D:5)
  A howler monkey skeleton (D:4)
  5 adders
  2 ufetubi
  An adder skeleton (D:4)
  3 dart slugs
  2 orcs
  8 ball pythons
  7 bats
  8 endoplasms
  3 giant cockroaches (D:3)
  11 goblins
  11 hobgoblins
  6 jackals
  4 quokkas
  2 frilled lizards
  8 kobolds
  6 rats
101 creatures vanquished.

Table legend: (Time is in decaauts)
 A = Elapsed time spent in this place.
 B = Non-inter-level travel time spent in this place.
 C = Inter-level travel time spent in this place.
 D = Time resting spent in this place.
 E = Time spent auto-exploring this place.
 F = Levels seen in this place.
 G = Mean time per level.
                   A        B        C        D        E       F      G
               +--------+--------+--------+--------+--------+-----+--------+
         Total |   1822 |   1727 |     95 |      0 |      0 |   6 |  303.7 |
       Dungeon |   1707 |   1663 |     44 |      0 |      0 |   5 |  341.4 |
        Temple |    114 |     63 |     51 |      0 |      0 |   1 |  114.0 |
               +--------+--------+--------+--------+--------+-----+--------+

Top non-repeatable levels by time:
     D:2: 520 daAuts
     D:1: 411 daAuts
     D:4: 410 daAuts
     D:3: 292 daAuts
  Temple: 114 daAuts
     D:5: 73 daAuts

Table legend:
 A = Non-vault XP
 B = Vault XP
 C = Vault XP percentage of total XP
 D = Non-vault monster count
 E = Vault monster count
 F = Vault count percentage of total count
                 A         B        C        D         E       F
            +---------+---------+-------+---------+---------+-------
      Total |     633 |     195 |  23.6 |      85 |      16 |  15.8
            +---------+---------+-------+---------+---------+-------
        D:1 |      47 |       0 |   0.0 |      28 |       0 |   0.0
        D:2 |      50 |     103 |  67.3 |      16 |      10 |  38.5
        D:3 |      45 |       7 |  13.5 |      16 |       3 |  15.8
        D:4 |     305 |       0 |   0.0 |      19 |       0 |   0.0
        D:5 |     186 |      85 |  31.4 |       6 |       3 |  33.3
            +---------+---------+-------+---------+---------+-------
